 Dungeon Crawl Stone Soup version 0.22-b1-21-g5cfc168 (webtiles) character file.

100 goulibeur the Distorting Demonspawn (level 4, -6/35 HPs)
             Began as a Demonspawn Abyssal Knight on Aug 3, 2018.
             Was a Believer of Lugonu.
             Killed by divine providence
             ... invoked by an orc priest
              (15 damage)
             ... on level 3 of the Dungeon.
             The game lasted 00:07:33 (2609 turns).

goulibeur the Distorting Demonspawn (DsAK)          Turns: 2609, Time: 00:07:34

Health: -6/35      AC:  4    Str: 20    XL:     4   Next: 47%
Magic:  7/7        EV: 12    Int: 13    God:    Lugonu [**....]
Gold:   140        SH:  0    Dex: 13    Spells: 3/3 levels left

rFire    . . .     SeeInvis .   a - +1 short sword
rCold    . . .     Gourm    .   (no shield)
rNeg     . . .     Faith    .   b - +0 leather armour
rPois    .         Spirit   .   (no helmet)
rElec    .         Reflect  .   (no cloak)
rCorr    .         Harm     .   j - +0 pair of gloves
MR       .....                  (no boots)
Stlth    +.........             (no amulet)
HPRegen  0.11/turn              e - +2 ring of strength
MPRegen  0.10/turn              (no ring)

@: mighty
A: hooves 1, powered by pain 1, spiny 1
a: Depart the Abyss, Bend Space, Renounce Religion


You were on level 3 of the Dungeon.
You worshipped Lugonu.
Lugonu was pleased with you.
You were not hungry.

You visited 1 branch of the dungeon, and saw 3 of its levels.
You visited the Abyss 1 time.

You collected 140 gold pieces.

Inventory:

Hand Weapons
 a - a +1 short sword (weapon)
Armour
 b - a +0 leather armour (worn)
 j - a +0 pair of gloves (worn)
Jewellery
 d - a +6 ring of protection {unknown}
 e - a +2 ring of strength (left hand)
 o - a cursed -3 ring of dexterity {unknown}
 q - an uncursed ring of flight {unknown}
Wands
 t - a wand of random effects (26)
Scrolls
 f - 2 scrolls of fear {unknown}
 h - 5 scrolls of identify {unknown}
 i - 2 scrolls of enchant weapon {unknown}
 k - 5 scrolls of remove curse {unknown}
 l - a scroll of blinking {unknown}
 m - 2 scrolls of teleportation {unknown}
 n - a scroll of immolation {unknown}
 p - a scroll of magic mapping {unknown}
Potions
 g - 2 potions of curing {unknown}
 r - a potion of ambrosia {unknown}
Comestibles
 c - 6 rations
 s - a chunk of flesh


   Skills:
 + Level 3.5 Fighting
 - Level 1.7 Short Blades
 + Level 2.4 Armour
 + Level 1.8 Dodging
 * Level 4.3 Invocations


You had 3 spell levels left.
You didn't know any spells.
Your spell library was empty.

Dungeon Overview and Level Annotations

Branches:
Dungeon (3/15)

Altars:
Ashenzari
Elyvilon
Hepliaklqana
Zin
The Shining One


Innate Abilities, Weirdness & Mutations

You have large cloven feet.
You sometimes gain a little power by taking damage.
You are partially covered in sharp spines.


Message History

HP restored.
You climb downwards.
The orc priest miscasts a cantrip.
There is a stone staircase leading up here.
The orc priest mumbles some strange prayers to Beogh against you.
Pain shoots through your body!
The orc shouts!
The orc hits you with a hand axe.
You barely miss the orc. Your kick misses the orc.
The orc is struck by your spines. The orc hits you with a hand axe.
You hit the orc.
The orc is heavily wounded.
The orc priest invokes the aid of Beogh against you.
Beogh smites you!
* * * LOW HITPOINT WARNING * * *
You focus on the pain.
You feel very mighty all of a sudden.
The orc priest invokes the aid of Beogh against you.
Beogh smites you!
You die...

..# ########..#.###......# ..#
#.........#.....##...# ..#
#...........###......#
..########.)....o......#....#.#
........####o#####...#.#......#
........# #....o#...#.#.######
........# #####.###o#.#..
##......########.o.#>#.###
##......'..##...@..#...#
##......##.#...#<..#o###
#......##[#......##.#
#.......#(#.....###o#
#######.#.#.###.# #.#
#.........#.# #.#
#(..)..##.#.###.#
#......##.#...#.####
#......##.###.#....##


You could see an orc priest and an orc.

Vanquished Creatures
  2 adders (D:3)
  A gnoll (D:1)
  A worm (D:2)
  2 dart slugs (D:1)
  4 leopard geckos
  3 orcs (D:3)
  4 bats (D:1)
  A giant cockroach (D:1)
  12 goblins
  8 hobgoblins
  A jackal (D:1)
  A quokka (D:3)
  4 frilled lizards
  4 kobolds
  7 rats
55 creatures vanquished.

Notes
Turn   | Place    | Note
-------+----------+-------------------------------------------
     0 | Abyss:1  | goulibeur the Demonspawn Abyssal Knight began the quest for the Orb.
     0 | Abyss:1  | Reached XP level 1. HP: 18/18 MP: 2/2
    39 | D:1      | Escaped the Abyss
    76 | D:1      | Reached skill level 1 in Dodging
    82 | D:1      | Reached * piety under Lugonu
   128 | D:1      | Gained mutation: You are partially covered in sharp spines. [demonic ancestry]
   128 | D:1      | Reached XP level 2. HP: 10/24 MP: 4/4
   378 | D:1      | Reached skill level 3 in Invocations
   526 | D:1      | Gained mutation: You sometimes gain a little power by taking damage. [demonic ancestry]
   526 | D:1      | Reached XP level 3. HP: 27/29 MP: 5/5
  1408 | D:2      | Found a shattered altar of Ashenzari.
  1571 | D:2      | Reached skill level 4 in Invocations
  1872 | D:2      | Found a faded altar of an unknown god.
  1872 | D:2      | Found a glowing golden altar of the Shining One.
  1877 | D:2      | Found a white marble altar of Elyvilon.
  1879 | D:2      | Found a hazy altar of Hepliaklqana.
  1881 | D:2      | Found a faded altar of an unknown god.
  2018 | D:3      | Gained mutation: You have large cloven feet. [demonic ancestry]
  2018 | D:3      | Reached XP level 4. HP: 31/35 MP: 7/7
  2246 | D:3      | Reached ** piety under Lugonu
  2257 | D:3      | Found a glowing silver altar of Zin.
  2609 | D:3      | Killed from afar by an orc priest

Skill      XL: |  1  2  3 |
---------------+----------+-----
Dodging        | 1 |  1.8
Armour         | 2 |  2.4
Invocations    | 3 4 |  4.3
Fighting       | |  3.5
Short Blades   | |  1.7

Action                   |  1- 3 |  4- 6 || total
-------------------------+-------+-------++-------
Melee: Short sword       |   110 |    29 ||   139
       Kick              |       |     8 ||     8
Invok: Depart the Abyss  |     1 |       ||     1
  Eat: Chunk             |     3 |     2 ||     5
Armor: Leather armour    |    18 |     8 ||    26
Dodge: Dodged            |    49 |    10 ||    59
